 Dungeon Crawl Stone Soup version 0.30.1 (webtiles) character file.

Game seed: 3599661488304607709

276 GimliDwarf the Trooper (level 6, -4/53 HPs)
             Began as a Gnoll Wanderer on July 3, 2023.
             Slain by a steam dragon (6 damage)
             ... on level 4 of the Dungeon.
             The game lasted 00:10:30 (4101 turns).

GimliDwarf the Trooper (Gnoll Wanderer)             Turns: 4101, Time: 00:10:31

Health: -4/53      AC:  7    Str: 13    XL:     6   Next: 25%
Magic:  0/11       EV: 12    Int: 14    God:
Gold:   217        SH:  0    Dex: 12    Spells: 7/11 levels left

rFire   + . .        a - +2 falchion
rCold   . . .        (no shield)
rNeg    . . .        j - +0 robe "Hacriq" {rElec rF+ Str+3}
rPois   +            d - +2 helmet
rElec   +            e - +0 cloak
rCorr   .            q - +0 pair of gloves
SInv    .            (no boots)
Will    .....        (no amulet)
Stlth   ++           x - ring of poison resistance
HPRegen 0.28/turn    (no ring)
MPRegen 0.12/turn

%: no passive effects
@: about to teleport
A: fangs 1, strong nose, distributed training
a: no special abilities


You were on level 4 of the Dungeon.
You visited 1 branch of the dungeon, and saw 4 of its levels.

You collected 217 gold pieces.

Inventory:

Hand Weapons
 a - a +2 falchion (weapon)
 i - a +0 spectral quarterstaff
Missiles
 m - a throwing net
Armour
 d - a +2 helmet (worn)
 e - a +0 cloak (worn)
 j - the +0 robe "Hacriq" (worn) {rElec rF+ Str+3}
   (You found it on level 1 of the Dungeon)

   Str:       It affects your strength (+3).
   rF:        It protects you from fire.
   rElec:     It insulates you from electricity.
 q - a +0 pair of gloves (worn)
 r - a +2 robe of the Archmagi
Jewellery
 x - a ring of poison resistance (left hand)
Wands
 y - a wand of roots (11)
Scrolls
 c - a scroll of teleportation
 o - a scroll of poison
Potions
 b - 2 potions of haste
 f - 3 potions of curing
 g - a potion of brilliance {unknown}
 n - a potion of ambrosia
 t - a potion of might
 v - a potion of resistance
 w - a potion of mutation {unknown}


   Skills:
 + Level 6.8 Fighting
 + Level 2.0 Short Blades
 + Level 5.0 Long Blades
 + Level 2.0 Axes
 + Level 2.0 Maces & Flails
 + Level 2.0 Polearms
 + Level 2.0 Staves
 + Level 2.0 Ranged Weapons
 + Level 2.0 Throwing
 + Level 3.2 Armour
 + Level 2.0 Dodging
 + Level 2.0 Stealth
 + Level 2.0 Shields
 + Level 2.0 Unarmed Combat
 + Level 3.4 Spellcasting
 + Level 1.5 Conjurations
 + Level 1.5 Hexes
 + Level 1.5 Summonings
 + Level 1.5 Necromancy
 + Level 1.5 Translocations
 + Level 1.5 Transmutations
 + Level 1.5 Fire Magic
 + Level 1.5 Ice Magic
 + Level 1.5 Air Magic
 + Level 5.6 Earth Magic
 + Level 1.5 Poison Magic
 + Level 2.1 Invocations
 + Level 2.0 Evocations


You had 7 spell levels left.
You knew the following spells:

 Your Spells              Type           Power      Damage    Failure   Level
a - Sandblast             Erth           36%        2d10      1%          1
b - Necrotise             Necr           24%        1d5       11%         1
c - Searing Ray           Conj           12%        2d4       17%         2

Your spell library contained the following spells:

 Spells                   Type           Power      Damage    Failure   Level
 Passwall                 Tmut/Erth      10%        N/A       7%          2
 Beastly Appendage        Tmut           12%        N/A       11%         1
 Magic Dart               Conj           24%        1d4       11%         1
 Slow                     Hex            24%        N/A       11%         1
 Wereblood                Tmut           6%         N/A       17%         2
 Confusing Touch          Hex            6%         N/A       32%         3
 Spider Form              Tmut/Pois      6%         N/A       32%         3
 Tukima's Dance           Hex            6%         N/A       32%         3
 Vampiric Draining        Necr           6%         2d6       32%         3
 Animate Armour           Summ/Erth      24%        N/A       43%         4
 Fulminant Prism          Conj/Hex       3%         3d5       73%         4
 Passage of Golubria      Tloc           6%         N/A       73%         4
 Agony                    Necr           6%         N/A       97%         5
 Yara's Violent Unravell  Hex/Tmut       3%         3d4       97%         5


Dungeon Overview and Level Annotations

Branches:
Dungeon (4/15)
 Temple: D:4-7

Altars:
Ru
Trog

Portals:
Abyss: D:3

Annotations:
D:3 2 transporters, AgateBread's ghost, amateur TrGl


Innate Abilities, Weirdness & Mutations

You have very sharp teeth.
Your uncanny sense of smell can sniff out nearby items.
Your experience applies equally to all skills.


Message History

The blast of sand hits the steam dragon.
The steam dragon is severely wounded.
The steam dragon bites you.
* * * LOW HITPOINT WARNING * * *
The steam dragon claws you but does no damage.
The steam dragon breathes steam at you. The ball of steam hits you! You resist.
* * * LOW HITPOINT WARNING * * *
You feel better. The steam dragon closely misses you.
The steam dragon barely misses you.
Unknown command.
You hit the steam dragon but do no damage.
The steam dragon is severely wounded.
The steam dragon bites you!
* * * LOW HITPOINT WARNING * * *
The steam dragon claws you but does no damage.
Casting: Sandblast (safe; 1% risk of failure)
Confirm with . or Enter, or press ? or * to list all spells.
Aiming: Searing Ray (safe; 17% risk of failure)
Press: ? - help, Shift-Dir - straight line, f/p - steam dragon
Aim: a steam dragon (severely wounded, 74% to hit)
The searing ray hits the steam dragon.
The steam dragon is severely wounded. (Press . to maintain the ray.)
A scorpion comes into view.
The steam dragon completely misses you. The steam dragon claws you.
* * * LOW HITPOINT WARNING * * *
The searing ray hits the steam dragon.
The steam dragon is almost dead.
The steam dragon breathes steam at you.
The ball of steam hits you but does no damage.
You resist.
Without enough magic to sustain it, your searing ray dissipates.
The steam dragon bites you.
* * * LOW HITPOINT WARNING * * *
The steam dragon claws you but does no damage.
Unknown command.
As you read the scroll of teleportation, it crumbles to dust.
You feel strangely unstable. The steam dragon bites you.
You die...

#. .# ....#.
#.♣ .+ ######.
.)♣.# . #+ ..(
... ##'##.....
#...D.....
#s#.......
#D#.......
#@#.......
#§#.......
#§#.......
#§#############
#.............#
#############.#
#.# #.# #.#


You could see a steam dragon (catching breath) and a scorpion.

Vanquished Creatures
  Jessica (D:3)
  Natasha (thrice) (D:3)
  5 gnolls
  5 adders
  3 worms
  An orc (D:4)
  8 endoplasms
  7 giant cockroaches
  5 hobgoblins
  4 quokkas
  13 ball pythons
  3 bats
  6 frilled lizards
  6 goblins
  4 kobolds
  9 rats
83 creatures vanquished.

Notes
Turn   | Place    | Note
-------+----------+-------------------------------------------
     0 | D:1      | GimliDwarf the Gnoll Wanderer began the quest for the Orb.
     0 | D:1      | GimliDwarf set off with the following items: a +1 falchion,
                  | a potion of haste, a +0 robe; and the following spell
                  | memorised: Sandblast; and the following spells available to
                  | memorise: Passwall, Animate Armour.
     0 | D:1      | Reached XP level 1. HP: 23/23 MP: 4/4
    54 | D:1      | Reached XP level 2. HP: 29/29 MP: 0/5
   126 | D:1      | Learned a level 1 spell: Necrotise
   224 | D:1      | You fall into a shaft and drop 1 floor!
   335 | D:2      | Reached XP level 3. HP: 35/35 MP: 2/7
   420 | D:1      | Reached skill level 1 in Invocations
   526 | D:1      | Reached skill level 1 in Short Blades
   526 | D:1      | Reached skill level 1 in Axes
   526 | D:1      | Reached skill level 1 in Maces & Flails
   526 | D:1      | Reached skill level 1 in Polearms
   526 | D:1      | Reached skill level 1 in Staves
   526 | D:1      | Reached skill level 1 in Ranged Weapons
   526 | D:1      | Reached skill level 1 in Throwing
   526 | D:1      | Reached skill level 1 in Dodging
   526 | D:1      | Reached skill level 1 in Stealth
   526 | D:1      | Reached skill level 1 in Shields
   526 | D:1      | Reached skill level 1 in Unarmed Combat
   526 | D:1      | Reached skill level 1 in Evocations
   550 | D:1      | Identified the +0 robe "Hacriq" {rElec rF+ Str+3}
  1080 | D:1      | Reached XP level 4. HP: 41/41 MP: 6/8
  1475 | D:1      | Learned a level 2 spell: Searing Ray
  1918 | D:2      | Reached skill level 1 in Conjurations
  1918 | D:2      | Reached skill level 1 in Hexes
  1918 | D:2      | Reached skill level 1 in Summonings
  1918 | D:2      | Reached skill level 1 in Necromancy
  1918 | D:2      | Reached skill level 1 in Translocations
  1918 | D:2      | Reached skill level 1 in Transmutations
  1918 | D:2      | Reached skill level 1 in Fire Magic
  1918 | D:2      | Reached skill level 1 in Ice Magic
  1918 | D:2      | Reached skill level 1 in Air Magic
  1918 | D:2      | Reached skill level 1 in Poison Magic
  2359 | D:3      | Noticed Jessica
  2371 | D:3      | Killed Jessica
  2464 | D:3      | Noticed a moth of wrath
  2466 | D:3      | Found a bloodstained altar of Trog.
  2480 | D:3      | Reached XP level 5. HP: 40/47 MP: 4/9
  2795 | D:3      | Found a transporter.
  2807 | D:3      | Found a transporter.
  2861 | D:3      | Noticed Natasha
  2864 | D:3      | Killed Natasha
  2886 | D:3      | Found a one-way gate to the infinite horrors of the Abyss.
  2886 | D:3      | Noticed AgateBread's ghost (amateur TrGl)
  2902 | D:3      | Noticed Natasha
  2908 | D:3      | Killed Natasha
  2911 | D:3      | Reached XP level 6. HP: 42/53 MP: 2/11
  3103 | D:3      | Found a sacrificial altar of Ru.
  3360 | D:3      | Noticed Natasha
  3363 | D:3      | Killed Natasha
  3501 | D:4      | Reached skill level 5 in Long Blades
  4077 | D:4      | Noticed a steam dragon
  4100 | D:4      | HP: 2/53 [steam dragon (2)]
  4101 | D:4      | Slain by a steam dragon

Illustrated notes

Levels and vault maps discovered:
D:1:      tekkud_arrival_beachfront_property, layout_loops_ring,
          columned_hall_lemuel, minmay_misc_feat_pillars,
          kennysheep_small_spiral, chequers_big_river, minivault_5
D:2:      layout_loops_ring, serial_bayou, serial_bayou_lagoon_a,
          serial_bayou_shore_b, serial_bayou_pond_e, serial_bayou_crossing
D:3:      layout_loops_ring, tgw_trog, mainiacjoe_overflow_brackets,
          gammafunk_ghost_abyssal_escape, uniq_jessica, uniq_natasha
D:4:      layout_basic, nicolae_wu_jian_glorious_leap,
          grunt_temple_overflow_lords_of_destruction, kennysheep_generic_room_14

Skill      XL: |  1  2  3  4  5  6 |
---------------+-------------------+-----
Invocations    | 1 2 |  2.1
Short Blades   | 1 2 |  2.0
Axes           | 1 2 |  2.0
Maces & Flails | 1 2 |  2.0
Polearms       | 1 2 |  2.0
Staves         | 1 2 |  2.0
Ranged Weapons | 1 2 |  2.0
Throwing       | 1 2 |  2.0
Dodging        | 1 2 |  2.0
Stealth        | 1 2 |  2.0
Shields        | 1 2 |  2.0
Unarmed Combat | 1 2 |  2.0
Evocations     | 1 2 |  2.0
Spellcasting   | 3 |  3.4
Conjurations   | 1 |  1.5
Hexes          | 1 |  1.5
Summonings     | 1 |  1.5
Necromancy     | 1 |  1.5
Translocations | 1 |  1.5
Transmutations | 1 |  1.5
Fire Magic     | 1 |  1.5
Ice Magic      | 1 |  1.5
Air Magic      | 1 |  1.5
Poison Magic   | 1 |  1.5
Armour         | 3 |  3.2
Long Blades    | 5 |  5.0
Fighting       | |  6.8
Earth Magic    | |  5.6

Action                     |  1- 3 |  4- 6 || total
---------------------------+-------+-------++-------
  Melee: Falchion          |    12 |    21 ||    33
         Bite              |       |     2 ||     2
   Cast: Sandblast         |    37 |    77 ||   114
         Searing Ray       |       |     5 ||     5
         Necrotise         |       |     1 ||     1
    Use: Scroll            |       |    15 ||    15
         Potion            |       |     1 ||     1
 Armour: Robe              |     7 |    17 ||    24
  Dodge: Dodged            |    11 |    35 ||    46
